 Dungeon Crawl Stone Soup version 0.19.1-1-g22dce08 (webtiles) character file.

139 nikopol the Skirmisher (level 5, -4/33 HPs)
             Began as a Gargoyle Berserker on Jan 16, 2017.
             Was a Believer of Trog.
             Slain by an iguana (11 damage)
             ... on level 3 of the Dungeon.
             The game lasted 00:08:24 (2300 turns).

nikopol the Skirmisher (Gargoyle Berserker)         Turns: 2300, Time: 00:08:25

Health: -4/33      AC:  7    Str: 21    XL:     5   Next: 22%
Magic:  5/5        EV: 12    Int:  7    God:    Trog [**....]
Gold:   110        SH:  5    Dex: 10    Spells: 0 memorised, 4 levels left

rFire  . . .     SeeInvis .     a - +0 hand axe
rCold  . . .     Gourm    .     b - +1 animal skin
rNeg   + . .     Faith    .     (no shield)
rPois  ∞         Spirit   .     (no helmet)
rElec  +         Reflect  +     (no cloak)
rCorr  .         Harm     .     (no gloves)
MR     .....     Rnd*Tele +     (no boots)
Stlth  ++........               n - +5 amulet of reflection
                                q - ring of stealth
                                d - ring of teleportation

@: no status effects
A: negative energy resistance 1, electricity resistance, unbreathing,
petrification resistance, rot immunity, AC +4
a: Berserk, Trog's Hand, Burn Spellbooks, Renounce Religion


You were on level 3 of the Dungeon.
You worshipped Trog.
Trog was pleased with you.
You were hungry.

You visited 1 branch of the dungeon, and saw 3 of its levels.

You collected 110 gold pieces.

Inventory:

Hand Weapons
 a - a +0 hand axe (weapon)
Missiles
 o - 27 arrows (quivered)
Armour
 b - a +1 animal skin (worn)
Jewellery
 d - a ring of teleportation (left hand)
 n - a +5 amulet of reflection (around neck)
 q - a ring of stealth (right hand)
Scrolls
 e - 4 scrolls of identify
 f - 2 scrolls of enchant armour
 i - 2 scrolls of recharging
 t - a scroll of remove curse
Potions
 h - 4 potions of might
 k - 2 potions of brilliance {unknown}
 l - a potion of heal wounds {unknown}
 m - a potion of invisibility {unknown}
 p - a potion of resistance {unknown}
 r - a potion of haste {unknown}
 s - a potion of agility {unknown}
Comestibles
 c - 2 bread rations
 j - 2 meat rations


   Skills:
 + Level 3.9 Fighting
 + Level 3.5 Axes
 + Level 3.9 Armour
 + Level 2.3 Dodging


You had 4 spell levels left.
You didn't know any spells.

Dungeon Overview and Level Annotations

Branches:
Dungeon (3/15)

Altars:
Cheibriados


Innate Abilities, Weirdness & Mutations

You are resistant to torment.
Your stone body is resilient. (AC +4)
You are immune to poison.
You resist negative energy. (rN+)
You are resistant to electric shocks. (rElec)
You can survive without breathing.
You are immune to petrification.
You are immune to rotting.


Message History

You hit the iguana.
The iguana is heavily wounded.
The iguana barely misses you.
You hit the iguana but do no damage.
The iguana is heavily wounded.
The iguana closely misses you.
You hit the iguana.
The iguana is severely wounded.
The iguana barely misses you.
You hit the iguana but do no damage.
The iguana is severely wounded.
The iguana bites you but does no damage.
You hit the iguana.
The iguana is severely wounded.
The iguana bites you!
* * * LOW HITPOINT WARNING * * *
You closely miss the iguana.
The iguana is severely wounded.
The iguana bites you!
You die...

#.##..###.# #.# ######
#######....# #.# #.# .....#
#≈≈≈≈.###..###.######.# ####.#
##≈≈≈≈≈# #.............. #.#
#..≈≈≈≈# #.#..#.######.. #.#
#....≈≈# #.#..#.# #.. #.#
#......###.#..#.# ####..
#.#####.#..#..##.#..#.###.....
#.#.....#....@##.......[..###.
#.#.##.##.###l##....#.##### #.
####.#.##.##.#.........#.#######.
.......##.##.#.........#[........
####.####...........>............
#.........#.....#.#.#########.
###########.....#.#... ..
###.....##### ## #######


You could see an iguana.

Vanquished Creatures
  5 adders
  A river rat (D:3)
  An ooze (D:3)
  A worm (D:3)
  5 dart slugs
  2 leopard geckos
  2 orcs (D:3)
  5 ball pythons
  A giant cockroach (D:2)
  4 goblins
  9 hobgoblins
  2 jackals (D:3)
  8 bats
  6 frilled lizards
  6 kobolds
  9 rats
67 creatures vanquished.

Notes
Turn   | Place    | Note
-------+----------+-------------------------------------------
     0 | D:1      | nikopol the Gargoyle Berserker began the quest for the Orb.
     0 | D:1      | Reached XP level 1. HP: 14/14 MP: 1/1
    68 | D:1      | Reached XP level 2. HP: 6/19 MP: 2/2
   608 | D:1      | Reached XP level 3. HP: 19/23 MP: 3/3
   927 | D:2      | Found a snail-covered altar of Cheibriados.
   945 | D:2      | Reached ** piety under Trog
  1079 | D:2      | Reached XP level 4. HP: 18/28 MP: 4/4
  1385 | D:3      | Found a glowing drain.
  1823 | D:3      | Reached XP level 5. HP: 20/33 MP: 5/5
  2300 | D:3      | Slain by an iguana

Skill      XL: |  1  2  3 |
---------------+----------+-----
Axes           | 3 |  3.5
Dodging        | 2 |  2.3
Armour         | 3 |  3.9
Fighting       | |  3.9

Action                   |  1- 3 |  4- 6 || total
-------------------------+-------+-------++-------
Melee: Hand axe          |   101 |   153 ||   254
Invok: Berserk           |     1 |       ||     1
  Use: Scroll            |       |     6 ||     6
 Stab: Sleeping          |       |     2 ||     2
  Eat: Chunk             |     2 |     3 ||     5
Armor: Animal skin       |    33 |    42 ||    75
Dodge: Dodged            |    65 |    97 ||   162
Block: Other             |       |    14 ||    14
